 Dungeon Crawl Stone Soup version 0.31-a0-233-g139696dc86 (webtiles) character file.

Game seed: 16367251330488529750

20584 spardeous the Nimble (level 12, -12/56 HPs)
             Began as a Felid Earth Elementalist on July 7, 2023.
             Was an Initiate of Gozag.
             Killed by the air
             ... invoked by a wind drake
              (19 damage)
             ... on level 5 of the Lair of Beasts on July 8, 2023.
             The game lasted 01:08:58 (27754 turns).

spardeous the Nimble (Felid Earth Elementalist)    Turns: 27754, Time: 01:08:59

Health: -12/56     AC:  3    Str:  6 (7)  XL:     12   Next: 46%
Magic:  2/27       EV: 24    Int: 24 (27) God:    Gozag
Gold:   2016       SH:  0    Dex: 15      Spells: 20/31 levels left
                                        Lives:  0   Deaths: 2

rFire   . .          .
                       - Unarmed
rCold   + . .        (shield unavailable)
rNeg    . . .        (body armour unavailable)
rPois   +            (helmet unavailable)
rElec   .            (cloak unavailable)
rCorr   .            (gloves unavailable)
SInv    +            (boots unavailable)
Will    ++...        J - amulet of Koge Qai {Regen+ Str+3 Int+3}
Stlth   +++          K - ring "Hoib" {Wiz rPois Int+3 Dex-2}
HPRegen 1.09/turn    h - ring of wizardry
MPRegen 0.20/turn

%: wizardry (x2)
@: enlightened, flying, quick
A: very small, claws 1, fangs 3, see invisible, speed 1, shaggy fur 3, stealthy
paws, no weapons or thrown items, no armour, multi-lived, deterioration 1
a: Renounce Religion, Potion Petition, Call Merchant, Bribe Branch


You were on level 5 of the Lair of Beasts.
You worshipped Gozag.
Gozag was most pleased with you.
You visited 3 branches of the dungeon, and saw 17 of its levels.
You also visited: Bailey and Gauntlet.

You collected 5131 gold pieces.
You spent 1485 gold pieces at shops.
You paid 1630 gold pieces to Gozag.

Inventory:

Jewellery
 c - a ring of protection from cold
 g - the ring of Diblysh {Fly rC- Int+6 Dex+2}
   (You found it in a Gauntlet)

   [ring of flight]

   Int:       It affects your intelligence (+6).
   Dex:       It affects your dexterity (+2).
   rC:        It makes you vulnerable to cold.
   Fly:       It grants you flight.
 h - a ring of wizardry (right paw)
 o - an amulet of regeneration
 w - a +6 ring of dexterity
 C - a ring of flight
 F - a ring of protection from fire
 J - the amulet of Koge Qai (around neck) {Regen+ Str+3 Int+3}
   (You bought it in a shop on level 1 of the Lair of Beasts)

   [amulet of regeneration]

   Str:       It affects your strength (+3).
   Int:       It affects your intelligence (+3).
   Regen:     It increases your rate of health regeneration.
 K - the ring "Hoib" (left paw) {Wiz rPois Int+3 Dex-2}
   (You bought it in a shop on level 1 of the Lair of Beasts)

   [ring of wizardry]

   It improves your spell success rate.
   Int:       It affects your intelligence (+3).
   Dex:       It affects your dexterity (-2).
   rPois:     It protects you from poison.
 N - a +4 ring of slaying
Wands
 n - a wand of paralysis (21)
 u - a wand of iceblast (21)
 z - a wand of mindburst (21)
 A - a wand of flame (31)
 E - a wand of acid (6)
 L - a wand of digging (5)
Scrolls
 d - a scroll of identify
 f - 7 scrolls of teleportation
 i - 2 scrolls of fog
 j - 2 scrolls of immolation
 l - 4 scrolls of noise
 m - a scroll of silence
 s - 2 scrolls of blinking
 t - 5 scrolls of vulnerability
 x - 2 scrolls of butterflies
 y - a scroll of torment
 B - 2 scrolls of revelation
 H - 2 scrolls of amnesia
 M - a scroll of brand weapon
Potions
 a - 3 potions of curing
 b - a potion of heal wounds
 e - 2 potions of degeneration
 k - 2 potions of might
 p - 2 potions of resistance
 q - 2 potions of attraction
 r - 3 potions of enlightenment
 v - a potion of cancellation
 D - a potion of brilliance
 G - a potion of berserk rage
Miscellaneous
 I - a lightning rod (4/4)


   Skills:
 + Level 8.5 Fighting
 - Level 12.2 Dodging
 - Level 5.0 Stealth
 - Level 1.0 Unarmed Combat
 - Level 10.0 Spellcasting
 - Level 10.1 Conjurations
 - Level 10.0 Transmutations
 - Level 10.1 Earth Magic


You had 20 spell levels left.
You knew the following spells:

 Your Spells              Type           Power      Damage    Failure   Level
a - Sandblast             Erth           100%       2d20      1%          1
b - Stone Arrow           Conj/Erth      100%       3d13      1%          3
c - Petrify               Tmut/Erth      57%        N/A       1%          4
d - Ozocubu's Armour      Ice            12%        N/A       4%          3

Your spell library contained the following spells:

 Spells                   Type           Power      Damage    Failure   Level
 Beastly Appendage        Tmut           100%       N/A       1%          1
 Passwall                 Tmut/Erth      47%        N/A       1%          2
 Wereblood                Tmut           56%        N/A       1%          2
 Hailstorm                Conj/Ice       36%        3d9       1%          3
 Mephitic Cloud           Conj/Pois/Air  28%        N/A       1%          3
 Spider Form              Tmut/Pois      36%        N/A       1%          3
 Fulminant Prism          Conj/Hex       18%        3d10      1%          4
 Ice Form                 Ice/Tmut       36%        N/A       1%          4
 Iskenderun's Mystic Bla  Conj/Tloc      36%        2d9       1%          4
 Lee's Rapid Deconstruct  Erth           28%        3d15*     1%          5
 Ensorcelled Hibernation  Hex/Ice        24%        N/A       2%          2
 Poisonous Vapours        Pois/Air       24%        N/A       2%          2
 Volatile Blastmotes      Fire/Tloc      24%        2d12      4%          3
 Freezing Cloud           Conj/Ice/Air   14%        6-21      11%         5
 Anguish                  Hex/Necr       6%         N/A       13%         4
 Eringya's Noxious Bog    Tmut/Pois      18%        4d6       26%         6
 Summon Forest            Summ/Tloc      6%         N/A       34%         5
 Ozocubu's Refrigeration  Ice            6%         4d8       100%        7
 Summon Hydra             Summ           6%         N/A       100%        7
 Simulacrum               Ice/Necr       Unusable   N/A       N/A         6

Dungeon Overview and Level Annotations

Branches:
Dungeon (11/15)            Temple (1/1) D:4            Lair (5/5) D:11
 Shoals (0/4) Lair:2       Spider (0/4) Lair:3          Orc (0/2) D:9
 Bailey (visited)         Gauntlet (visited)
  Slime: Lair:4-5

Altars:
Ashenzari
Cheibriados
Dithmenos
Elyvilon
Fedhas
Gozag
Hepliaklqana
Kikubaaqudgha
Makhleb
Nemelex Xobeh
Okawaru
Qazlal
Ru
Sif Muna
Trog
Uskayaw
Vehumet
Wu Jian
Xom
Yredelemnul
Zin
The Shining One

Shops:
D:1 [   D:10 [   Lair:1 ==

Annotations:
Lair:2 2 transporters


Innate Abilities, Weirdness & Mutations

You have sharp claws.
You have razor-sharp teeth.
You have supernaturally acute eyesight. (SInv)
You cover ground quickly. (Speed+)
Your thick and shaggy fur keeps you warm. (AC +3, rC+)
Your paws help you pounce on unaware monsters.
You are incapable of wielding weapons or throwing items.
You cannot wear armour.
You gain extra lives every three experience levels.
Your body sometimes deteriorates upon taking damage.


Message History

Okay, then.
Casting: Sandblast (safe; 1% risk of failure)
Confirm with . or Enter, or press ? or * to list all spells.
Aiming: Sandblast (safe; 1% risk of failure)
Press: ? - help, Shift-Dir - straight line, f/p - wind drake
Aim: a wind drake (heavily wounded, repelling missiles, 57% to hit)
Okay, then.
Casting: Sandblast (safe; 1% risk of failure)
Confirm with . or Enter, or press ? or * to list all spells.
Okay, then.
Casting: Sandblast (safe; 1% risk of failure)
Confirm with . or Enter, or press ? or * to list all spells.
Aiming: Sandblast (safe; 1% risk of failure)
Press: ? - help, Shift-Dir - straight line, f/p - wind drake
Aim: a wind drake (heavily wounded, repelling missiles, 57% to hit)
The wind drake repels the blast of sand!
The wind drake misses you.
The wind drake exhales a fierce blast of wind!
You are knocked back by the gust of wind.
You slam into the rock wall!
Casting: Sandblast (safe; 1% risk of failure)
Confirm with . or Enter, or press ? or * to list all spells.
You don't have enough magic to cast this spell.
Unknown command.
You feel very buoyant.
You fly up into the air.
The wind drake bites you.
Your body deteriorates!
You feel dopey.
The wind drake exhales a fierce blast of wind!
You are knocked back by the gust of wind.
You slam into the rock wall!
* * * LOW HITPOINT WARNING * * *
The wind drake flaps its wings at you. The air twists around and strikes you!
* * * LOW HITPOINT WARNING * * *
There is a stone staircase leading up here.
You can't go up here!
The wind drake flaps its wings at you. The air twists around and strikes you!!
You die...
Your body crumbles into a pile of gold.

###### ##..#.#
####P...######
##.#......#.#.#### #
#.#.<...........[##
#.#####................##
.........$..........^##..
#..#.........k.@.........
...........$..........#..
.........................
~~~~~~..~.~.~.~...~~~~...
~##~~##~~##~~##~~~#~~##..
#~P~#~~~##~~##~~##~~# ?
~.~~~~~~~~~P~.P~~~~~~~.
~.P~P~#~~~#~~#~~~##~~~~~
~##~~#~~~~~~P~~~~~ P##~.


You could see a wind drake (repels missiles).

Vanquished Creatures
  A minotaur (Gauntlet)
  2 hydras (Lair:4)
  A catoblepas (Lair:5)
  2 two-headed ogres (D:11)
  A boulder beetle (Lair:4)
  6 death yaks
  An orc high priest (Bailey)
  A skyshark (Lair:5)
  An orb spider (Lair:3)
  Pikel (D:8)
  2 wizards (Gauntlet)
  A necromancer (Gauntlet)
  An orc sorcerer (Bailey)
  A manticore (D:9)
  5 elephants
  2 black mambas
  A torpor snail (Lair:4)
  10 cane toads
  6 rime drakes
  9 komodo dragons
  3 burning bushes (Lair:1)
  2 trolls (D:11)
  2 polar bears
  A hornet (Lair:5)
  4 blink frogs (Lair:1)
  43 yaks
  6 basilisks
  3 chaos spawn (D:10)
  2 wyverns
  A steam dragon (D:10)
  2 wargs (D:9)
  6 water moccasins
  2 black bears
  2 ice beasts
  A sky beast (D:7)
  3 ogres
  13 orc warriors
  20 wolves
  8 centaurs
  A phantom (D:5)
  Blork the orc (D:4)
  13 bullfrogs
  2 gnoll sergeants
  5 scorpions
  5 wights
  5 electric eels (Bailey)
  11 howler monkeys
  A jelly (D:6)
  5 hounds
  5 orc priests
  2 sleepcaps
  5 iguanas
  Ijyb (D:4)
  Natasha (thrice) (D:4)
  12 orc wizards
  12 gnolls
  5 adders
  3 shadow imps
  5 white imps
  4 ufetubi
  A worm (D:4)
  2 dart slugs
  35 orcs
  6 ball pythons
  9 endoplasms
  2 giant cockroaches
  12 goblins
  11 hobgoblins
  14 jackals
  2 quokkas (D:3)
  8 bats
  3 frilled lizards
  6 kobolds
  20 rats
416 creatures vanquished.

Notes
Turn   | Place    | Note
-------+----------+-------------------------------------------
     0 | D:1      | spardeous the Felid Earth Elementalist began the quest for
                  | the Orb.
     0 | D:1      | Reached XP level 1. HP: 7/7 MP: 4/4
   179 | D:1      | Reached skill level 3 in Dodging
   316 | D:1      | Found Gacudghu's Antique Armour Boutique.
   324 | D:1      | Reached XP level 2. HP: 11/11 MP: 4/6
   694 | D:2      | Found a shimmering altar of Xom.
   940 | D:3      | Reached XP level 3. HP: 13/14 MP: 3/7
  1112 | D:3      | Noticed a +0 dagger
  1119 | D:3      | Noticed a +0 dagger
  1207 | D:3      | Found a hide-covered altar of Uskayaw.
  1468 | D:3      | Reached skill level 4 in Dodging
  1468 | D:3      | Reached XP level 4. HP: 11/18 MP: 5/8
  1697 | D:4      | Noticed Natasha
  1701 | D:4      | Killed Natasha
  1723 | D:4      | Found a staircase to the Ecumenical Temple.
  1727 | D:4      | Noticed Blork the orc
  1730 | Temple   | Entered the Ecumenical Temple
  1780 | Temple   | Became a worshipper of Gozag Ym Sagoz the Greedy
  2063 | D:3      | Found an iron altar of Okawaru.
  2091 | D:3      | Found a sacrificial altar of Ru.
  2181 | D:3      | Learned a level 3 spell: Stone Arrow
  2199 | D:3      | Reached XP level 5. HP: 21/21 MP: 5/9
  3350 | D:4      | Noticed Natasha
  3371 | D:4      | Found a bloodstained altar of Trog.
  3544 | D:4      | Reached skill level 1 in Fighting
  3544 | D:4      | Reached skill level 5 in Dodging
  3544 | D:4      | Gained mutation: You are covered in thick fur. (AC +2)
                  | [Felid growth]
  3544 | D:4      | Reached XP level 6. HP: 25/25 MP: 6/10
  3636 | D:4      | Reached skill level 1 in Unarmed Combat
  3842 | D:4      | Noticed Ijyb
  3852 | D:4      | Killed Ijyb
  3853 | D:4      | Reached skill level 5 in Earth Magic
  3949 | D:4      | Reached skill level 1 in Conjurations
  3954 | D:4      | Learned a level 4 spell: Petrify
  4304 | D:4      | Killed Natasha
  4405 | D:4      | Killed Blork the orc
  4561 | D:4      | Reached XP level 7. HP: 16/28 MP: 7/12
  5060 | D:4      | Noticed Natasha
  5065 | D:4      | Killed Natasha
  5106 | D:5      | Entered Level 5 of the Dungeon
  5611 | D:5      | Found a snail-covered altar of Cheibriados.
  5777 | D:5      | Upgraded the game from 0.31-a0-232-gb1c03b2570 to
                  | 0.31-a0-233-g139696dc86
  6074 | D:5      | Reached XP level 8. HP: 32/32 MP: 8/15
  6229 | D:5      | Found a shimmering blue altar of Sif Muna.
  6385 | D:5      | Found a glowing silver altar of Zin.
  8086 | D:6      | Reached skill level 5 in Conjurations
  8709 | D:7      | Reached skill level 6 in Dodging
  8794 | D:7      | Found a flagged portal.
  8856 | D:7      | Reached XP level 9. HP: 37/37 MP: 5/16
  8953 | Bailey   | Entered a bailey
  9014 | Bailey   | Reached skill level 7 in Dodging
 10508 | Bailey   | Found an iron altar of Okawaru.
 10559 | Bailey   | Noticed an orc high priest
 10564 | Bailey   | Noticed an ice devil
 10762 | Bailey   | Noticed an orc sorcerer
 10773 | Bailey   | Killed an orc sorcerer
 10868 | Bailey   | Gained mutation: Your body sometimes deteriorates upon
                  | taking damage. [a neqoxec]
 10945 | Bailey   | Noticed a rust devil
 10949 | Bailey   | Killed an orc high priest
 11268 | Bailey   | Reached XP level 10. HP: 42/42 MP: 10/17
 11900 | D:7      | Acquired 689 gold pieces
 13005 | D:8      | Noticed Pikel
 13010 | D:8      | Killed Pikel
 13113 | D:8      | Found a white marble altar of Elyvilon.
 13955 | D:9      | Noticed a manticore
 13977 | D:9      | Killed a manticore
 13978 | D:9      | Reached skill level 10 in Conjurations
 14523 | D:9      | Found a staircase to the Orcish Mines.
 14775 | D:9      | Reached skill level 8 in Dodging
 15001 | D:9      | Found a shadowy altar of Dithmenos.
 15274 | D:10     | Entered Level 10 of the Dungeon
 15448 | D:10     | Found a shimmering altar of Xom.
 15448 | D:10     | Found the +7 mace of Variability {chaos, chaos arc}
 15480 | D:10     | Found a radiant altar of Vehumet.
 15932 | D:10     | Reached skill level 9 in Dodging
 16070 | D:10     | Found Roimmiudgh's Armour Shoppe.
 16136 | D:10     | Reached XP level 11. HP: 45/45 MP: 11/18
 16709 | D:11     | Noticed a two-headed ogre
 16729 | D:11     | Killed a two-headed ogre
 16961 | D:11     | Reached skill level 10 in Dodging
 16977 | D:11     | Found a staircase to the Lair.
 16977 | D:11     | Noticed a death yak
 17533 | D:11     | Killed a death yak
 17656 | D:11     | Noticed a two-headed ogre
 17674 | D:11     | Killed a two-headed ogre
 17675 | D:11     | Reached skill level 11 in Dodging
 18126 | Lair:1   | Entered Level 1 of the Lair of Beasts
 18244 | Lair:1   | Reached skill level 10 in Earth Magic
 18586 | Lair:1   | Reached skill level 5 in Spellcasting
 18590 | Lair:1   | Noticed a boulder beetle
 19438 | Lair:1   | Gained mutation: Your thick and shaggy fur keeps you warm.
                  | (AC +3, rC+) [Felid growth]
 19438 | Lair:1   | Reached XP level 12. HP: 48/48 MP: 16/23
 21585 | Lair:2   | Found a staircase to the Shoals.
 21598 | Lair:2   | Reached skill level 10 in Spellcasting
 21936 | Lair:2   | Found a transporter.
 21937 | Lair:2   | Found a transporter.
 21937 | Lair:2   | Noticed a boulder beetle
 21940 | Lair:2   | Noticed a boulder beetle
 22377 | Lair:1   | Bought the amulet of Koge Qai {Regen+ Str+3 Int+3} for 793
                  | gold pieces
 22377 | Lair:1   | Bought the ring "Hoib" {Wiz rPois Int+3 Dex-2} for 692 gold
                  | pieces
 22713 | Lair:3   | Found a gate leading to a gauntlet.
 22747 | Lair:3   | Reached skill level 12 in Dodging
 22771 | Lair:3   | Reached skill level 5 in Stealth
 22828 | Gauntlet | Entered a Gauntlet
 22828 | Gauntlet | Found a transporter.
 22828 | Gauntlet | Found a transporter.
 22891 | Gauntlet | Found a transporter.
 22893 | Gauntlet | Noticed a catoblepas
 22903 | Gauntlet | Found a transporter.
 22921 | Gauntlet | Found a transporter.
 22921 | Gauntlet | Found a transporter.
 22921 | Gauntlet | Found a transporter.
 22923 | Gauntlet | Found a transporter.
 22923 | Gauntlet | Found a transporter.
 22930 | Gauntlet | Noticed a great orb of eyes
 22936 | Gauntlet | Found a runed translucent door.
 22939 | Gauntlet | Found a transporter.
 22952 | Gauntlet | Found a runed translucent door.
 22953 | Gauntlet | Found a transporter.
 22954 | Gauntlet | Found a runed translucent door.
 22963 | Gauntlet | Found a transporter.
 22980 | Gauntlet | Found a transporter.
 22997 | Gauntlet | Found a transporter.
 23249 | Gauntlet | Learned a level 3 spell: Ozocubu's Armour
 23256 | Gauntlet | Killed from afar by a gargoyle
 23257 | Gauntlet | Reached XP level 11. HP: -4/46 MP: 24/26
 23282 | Gauntlet | Killed a necromancer
 23285 | Gauntlet | Reached skill level 5 in Fighting
 23406 | Gauntlet | Killed a wizard
 23413 | Gauntlet | Killed a wizard
 23420 | Gauntlet | Identified the ring of Diblysh {Fly rC- Int+6 Dex+2}
 23568 | Gauntlet | Noticed a minotaur
 23601 | Gauntlet | Killed a minotaur
 23602 | Gauntlet | Reached XP level 12. HP: 52/52 MP: 17/27
 24310 | Lair:3   | Found a hole to the Spider Nest.
 25057 | Lair:4   | Reached skill level 5 in Transmutations
 25331 | Lair:4   | Slain by a yak
 25332 | Lair:4   | Reached XP level 11. HP: -3/50 MP: 12/26
 25474 | Lair:4   | Noticed a four-headed hydra
 25511 | Lair:4   | Killed a four-headed hydra
 26179 | Lair:4   | Noticed a seven-headed hydra
 26194 | Lair:4   | Killed a seven-headed hydra
 26259 | Lair:4   | Noticed a boulder beetle
 26264 | Lair:4   | HP: 2/50 [boulder beetle (17)]
 26289 | Lair:4   | Noticed a death yak
 26308 | Lair:4   | Killed a boulder beetle
 26431 | Lair:4   | Noticed a death yak
 26432 | Lair:4   | Noticed a death yak
 26432 | Lair:4   | Noticed a death yak
 26433 | Lair:4   | Noticed a death yak
 26523 | Lair:4   | Killed a death yak
 26524 | Lair:4   | Reached XP level 12. HP: 54/54 MP: 5/27
 26579 | Lair:4   | Killed a death yak
 26696 | Lair:4   | Killed a death yak
 26758 | Lair:4   | Killed a death yak
 26795 | Lair:4   | Killed a death yak
 26796 | Lair:4   | Reached skill level 10 in Transmutations
 27299 | Lair:5   | Entered Level 5 of the Lair of Beasts
 27525 | Lair:5   | Noticed a catoblepas
 27545 | Lair:5   | Killed a catoblepas
 27748 | Lair:5   | HP: 2/56 [wind drake/the air (13)]
 27754 | Lair:5   | Killed from afar by a wind drake

Illustrated notes

Levels and vault maps discovered:
D:1:      mrwooster_arrival_statue, layout_loops_corners, serial_shops, shop
D:2:      layout_rooms, basic_altar
D:3:      layout_rooms, dancing_weapons_uskayaw, minitemple,
          hangedman_glass_teeth, kennysheep_crisscross, minmay_rat_hole
D:4:      layout_rooms, mainiacjoe_overflow_concentric_impassable,
          minmay_temple_entry_arrows, lemuel_flame_loot_1, uniq_natasha,
          uniq_ijyb, uniq_blork_the_orc
D:5:      layout_layer_cave, kennysheep_orc_sif_temple, kennysheep_little_box,
          nicolae_overflow_crystal_walls
D:6:      layout_basic, kennysheep_generic_room_6
D:7:      layout_cave_pools, enter_bailey_6
D:8:      layout_loops_ring, mainiacjoe_overflow_alcove_1, uniq_pikel
D:9:      layout_cave_pods, nicolae_dithmenos_the_darkroom, david_orc_1_choice
D:10:     layout_stronghold, pf_just_have_faith, serial_shops,
          nicolae_shop_rolling_square, minmay_guarded_unrand_variability
D:11:     layout_basic, david_lair_generic, serial_curves, eino_curves_03,
          eino_curves_01
Temple:   nicolae_temple_bog_church
Lair:1:   layout_chaotic_city, evilmike_ambush [evilmike_ambush_outer_corners,
          evilmike_ambush_inner_cross], lemuel_fruit_tree
Lair:2:   gammafunk_boulding_lane, layout_hall_layers, elwin_shoals_entry_rocks,
          st_stairs_11
Lair:3:   beast_lair_carwin_large_1, layout_regular_city,
          nicolae_spider_entry_orb_guardian, gauntlet_entry_generic
Lair:4:   layout_concentric_octagons
Lair:5:   gammafunk_lair_ancient_temple, layout_misc_corridors, slime_entry_1,
          uniq_urug

Skill      XL: |  1  2  3  4  5  6  7  8  9 10 11 12 |
---------------+-------------------------------------+-----
Dodging        | 3 4 5 6 7 9 11 12 | 12.2
Earth Magic    | 3 4 5 6 7 8 10 | 10.1
Fighting       | 1 2 3 6 8 |  8.5
Unarmed Combat | 1 |  1.0
Conjurations   | 2 3 5 8 10 | 10.1
Spellcasting   | 3 4 7 10 | 10.0
Transmutations | 4 9 10 | 10.0
Stealth        | 5 |  5.0

Action                     |  1- 3 |  4- 6 |  7- 9 | 10-12 || total
---------------------------+-------+-------+-------+-------++-------
  Melee: Unarmed           |       |       |       |     3 ||     3
         Bite              |       |       |       |     1 ||     1
   Cast: Sandblast         |    68 |   123 |   113 |   337 ||   641
         Stone Arrow       |       |       |    88 |   364 ||   452
         Petrify           |       |       |       |     2 ||     2
 Invoke: Call Merchant     |       |       |       |     2 ||     2
    Use: Potion            |       |     2 |       |    11 ||    13
         Scroll            |       |       |     7 |    16 ||    23
 Armour: Skin              |     1 |     2 |     4 |    10 ||    17
  Dodge: Dodged            |    16 |    52 |    62 |   328 ||   458

Table legend: (Time is in decaauts)
 A = Elapsed time spent in this place.
 B = Non-inter-level travel time spent in this place.
 C = Inter-level travel time spent in this place.
 D = Time resting spent in this place.
 E = Time spent auto-exploring this place.
 F = Levels seen in this place.
 G = Mean time per level.
                   A        B        C        D        E       F      G
               +--------+--------+--------+--------+--------+-----+--------+
         Total |  25196 |  23885 |   1311 |   4087 |  14609 |  19 | 1326.1 |
       Dungeon |  14585 |  13509 |   1076 |   1858 |   9331 |  11 | 1325.9 |
        Temple |    195 |    175 |     20 |     27 |    130 |   1 |  195.0 |
          Lair |   6870 |   6656 |    214 |    889 |   4017 |   5 | 1374.0 |
        Bailey |   2791 |   2791 |      0 |   1233 |    839 |   1 | 2791.0 |
      Gauntlet |    753 |    753 |      0 |     78 |    291 |   1 |  753.0 |
               +--------+--------+--------+--------+--------+-----+--------+

Top non-repeatable levels by time:
  Bailey: 2791 daAuts
    D:11: 2573 daAuts
  Lair:4: 2317 daAuts
     D:4: 1797 daAuts
     D:5: 1759 daAuts
  Lair:2: 1532 daAuts
  Lair:3: 1439 daAuts
     D:9: 1325 daAuts
     D:3: 1272 daAuts
  Lair:1: 1254 daAuts
     D:6: 1249 daAuts
    D:10: 1122 daAuts
     D:8: 1095 daAuts
     D:1: 991 daAuts
     D:7: 894 daAuts
